 Dungeon Crawl Stone Soup version 0.27-a0-1232-gc6a4cbde82 (webtiles) character file.

Game seed: 5710712651458423698

2683 mordus the Basher (level 9, -6/92 HPs)
             Began as a Troll Monk on June 8, 2021.
             Mangled by a two-headed ogre
             ... wielding a +0 giant spiked club
              (21 damage)
             ... on level 8 of the Dungeon.
             The game lasted 00:11:43 (6266 turns).

mordus the Basher (Troll Monk)                      Turns: 6266, Time: 00:11:44

Health: -6/92      AC:  4    Str: 22    XL:     9   Next: 37%
Magic:  8/8        EV: 10    Int:  6    God:
Gold:   504        SH:  0    Dex: 14    Spells: 8/8 levels left

rFire    . . .     SeeInvis .   k - +1 mace (drain)
rCold    . . .     Faith    .   (no shield)
rNeg     . . .     Spirit   .   b - +0 robe
rPois    .         Reflect  .   (helmet restricted)
rElec    .         Harm     .   (no cloak)
rCorr    .         Rampage  .   (gloves unavailable)
Will     .....                  (boots unavailable)
Stlth    ++........             (no amulet)
HPRegen  1.25/turn              (no ring)
MPRegen  0.11/turn              (no ring)

@: no status effects
A: large, unfitting armour, claws 3, regeneration 1, shaggy fur 1, tough skin 1,
antennae 1, sturdy frame 1
a: no special abilities


You were on level 8 of the Dungeon.
You visited 1 branch of the dungeon, and saw 8 of its levels.

You collected 504 gold pieces.

Inventory:

Hand Weapons
 k - a +1 mace of draining (weapon)
 m - a +0 whip of pain
Missiles
 w - 2 poisoned darts (quivered)
 x - 4 throwing nets
Armour
 b - a +0 robe (worn)
Jewellery
 h - an amulet of faith
 n - a +4 ring of evasion
 t - a ring of positive energy
 y - a ring of poison resistance
Wands
 f - a wand of paralysis (5)
 s - a wand of iceblast (25)
Scrolls
 a - 2 scrolls of teleportation
 c - 3 scrolls of noise {unknown}
 d - 2 scrolls of vulnerability {unknown}
 e - a scroll of fog {unknown}
 g - 3 scrolls of identify {unknown}
 i - 2 scrolls of enchant armour {unknown}
 l - a scroll of fear {unknown}
 q - 2 scrolls of brand weapon {unknown}
Potions
 j - a potion of haste
 p - a potion of heal wounds
 r - a potion of lignification {unknown}
 u - 2 potions of berserk rage {unknown}
 v - a potion of invisibility {unknown}


   Skills:
 + Level 6.7 Fighting
 * Level 10.0 Maces & Flails
 - Level 2.4 Dodging
 - Level 1.0 Stealth


You had 8 spell levels left.
You didn't know any spells.
Your spell library contained the following spells:

 Spells                   Type           Power      Damage    Failure   Level
 Animate Skeleton         Necr           0%         N/A       45%         1
 Pain                     Necr           0%         1d4       45%         1
 Vampiric Draining        Necr           0%         2d6       83%         3
 Animate Dead             Necr           0%         N/A       99%         4
 Agony                    Necr           0%         N/A       100%        5


Dungeon Overview and Level Annotations

Branches:
Dungeon (8/15)             Temple (0/1) D:6
   Lair: D:8-11

Altars:
Trog


Innate Abilities, Weirdness & Mutations

You are too large for most types of armour.
You have claws for hands.
Your natural rate of healing is unusually fast.
You are covered in fur. (AC +1)
You have tough skin. (AC +1)
You have a pair of small antennae on your head.
Your movements are slightly less encumbered by armour. (ER -2)


Message History

You feel sick. The orc wizard completely misses you.
You closely miss the orc wizard.
The orc wizard is severely wounded.
You feel sick. The orc wizard barely misses you.
You hit the orc wizard but do no damage.
You drain the orc wizard.
The orc wizard is almost dead.
You feel sick.
You sock the orc wizard!
You kill the orc wizard!
You feel sick.
You are no longer poisoned.
Items here: )) [[ †.
Okay, then.
You start resting.
A two-headed ogre comes into view.
It is wielding a +0 giant spiked club and a +0 giant club.
The two-headed ogre shouts in stereo!
Things that are here:
a +0 war axe; an orc corpse You hit the two-headed ogre.
You drain the two-headed ogre.
The two-headed ogre is lightly wounded.
You hit the two-headed ogre.
The two-headed ogre is moderately wounded.
The two-headed ogre hits you with a +0 giant spiked club.
The two-headed ogre hits you with a +0 giant club!!
You barely miss the two-headed ogre.
The two-headed ogre is moderately wounded.
The two-headed ogre hits you with a +0 giant spiked club!!
The two-headed ogre completely misses you.
You sock the two-headed ogre!
The two-headed ogre is heavily wounded.
You hit the two-headed ogre.
The two-headed ogre is heavily wounded.
The two-headed ogre hits you with a +0 giant spiked club!!
* * * LOW HITPOINT WARNING * * *
The two-headed ogre closely misses you.
You hit the two-headed ogre. You drain the two-headed ogre.
The two-headed ogre is heavily wounded.
The two-headed ogre hits you with a +0 giant spiked club!!
You die...

#.# #..# ... #.# #... $... #.#
#..##o..{ ##.# #........ #..#
#........ #..# #..o....#
######..## ##........
.........############.........
#...............@O).........##
........#.##..######........#
.......[.....## #........##
.........##### #......[.#
.........# .....##.##
.......... #...### .#
........... .#### ## ........
##


You could see a two-headed ogre (drained).

Vanquished Creatures
  Sigmund (D:6)
  A steam dragon (D:6)
  Duvessa (D:6)
  3 water moccasins
  A centaur (D:7)
  A phantom (D:5)
  A kobold brigand (D:8)
  3 gnoll sergeants
  3 bullfrogs
  Dowan (D:6)
  A wyvern zombie (D:5)
  A water moccasin zombie (D:6)
  2 wyvern skeletons
  A water moccasin skeleton (D:5)
  4 killer bees (D:8)
  A centaur zombie (D:6)
  A bullfrog zombie (D:6)
  3 jellies
  3 orc priests
  2 centaur skeletons
  7 hounds
  A bullfrog skeleton (D:4)
  A gnoll shaman (D:8)
  An iguana (D:5)
  3 orc wizards
  A hound skeleton (D:5)
  A howler monkey zombie (D:7)
  10 gnolls
  A howler monkey skeleton (D:4)
  3 adders
  2 white imps
  An ufetubus (D:5)
  An adder skeleton (D:4)
  A worm (D:2)
  2 dart slugs (D:1)
  24 orcs
  6 bats
  3 endoplasms
  8 giant cockroaches
  7 hobgoblins
  2 jackals (D:8)
  2 quokkas
  9 ball pythons
  4 frilled lizards
  7 goblins
  9 kobolds
  8 rats
160 creatures vanquished.

Notes
Turn   | Place    | Note
-------+----------+-------------------------------------------
     0 | D:1      | mordus the Troll Monk began the quest for the Orb.
     0 | D:1      | Reached XP level 1. HP: 22/22 MP: 0/0
    41 | D:1      | Reached skill level 3 in Maces & Flails
    62 | D:1      | Reached XP level 2. HP: 27/29 MP: 1/1
   165 | D:1      | Found a faded altar of an unknown god.
   417 | D:2      | Reached XP level 3. HP: 33/36 MP: 2/2
   861 | D:3      | Reached skill level 4 in Maces & Flails
   861 | D:3      | Reached XP level 4. HP: 38/45 MP: 3/3
  1717 | D:4      | Reached XP level 5. HP: 53/53 MP: 4/4
  1841 | D:4      | Reached skill level 5 in Maces & Flails
  2185 | D:5      | Entered Level 5 of the Dungeon
  2249 | D:5      | Reached XP level 6. HP: 18/62 MP: 5/5
  2783 | D:5      | Reached skill level 6 in Maces & Flails
  2993 | D:5      | Reached XP level 7. HP: 70/70 MP: 6/6
  3147 | D:6      | Noticed Duvessa
  3147 | D:6      | Noticed Dowan
  3156 | D:6      | Noticed Sigmund
  3272 | D:6      | Found a staircase to the Ecumenical Temple.
  3359 | D:5      | Gained mutation: You have a pair of small antennae on your
                  | head. [potion of mutation]
  3359 | D:5      | Gained mutation: Your movements are slightly less
                  | encumbered by armour. (ER -2) [potion of mutation]
  3378 | D:6      | Killed Duvessa
  3387 | D:6      | Killed Dowan
  3388 | D:6      | Reached skill level 7 in Maces & Flails
  3491 | D:6      | Found a bloodstained altar of Trog.
  3550 | D:6      | Killed Sigmund
  3551 | D:6      | Reached skill level 5 in Fighting
  3551 | D:6      | Reached XP level 8. HP: 32/80 MP: 7/7
  4022 | D:6      | Reached skill level 8 in Maces & Flails
  4809 | D:6      | HP: 1/83 [poisoned by an orc]
  5293 | D:6      | Reached skill level 9 in Maces & Flails
  5660 | D:7      | Reached XP level 9. HP: 33/89 MP: 8/8
  6164 | D:8      | Reached skill level 10 in Maces & Flails
  6256 | D:8      | Noticed a two-headed ogre
  6266 | D:8      | Mangled by a two-headed ogre

Illustrated notes

Levels and vault maps discovered:
D:1:      mainiacjoe_arrival_reflecting_pool, layout_rooms,
          basic_ecumenical_altar
D:2:      layout_rooms
D:3:      layout_loops_corners
D:4:      layout_loops_ring
D:5:      layout_loops_corners, minmay_misc_feat_doors
D:6:      layout_rooms, bloody_trog, minmay_temple_entry_statues_fountains,
          kennysheep_dice, uniq_duvessa, uniq_sigmund
D:7:      layout_cave_pods, corexii_hall_statues_s
D:8:      layout_cave_pods, serial_gnoll_camp, gnoll_camp_huts_basic,
          gnoll_camp_medium_01, gnoll_camp_mini_hut, gnoll_camp_mini_hut,
          hangedman_decor_slide_cut, hangedman_abyss_or_decor_stagger

Skill      XL: |  1  2  3  4  5  6  7  8  9 |
---------------+----------------------------+-----
Maces & Flails | 3 4 5 6 7 9 10 | 10.0
Fighting       | 3 4 5 6 |  6.7
Dodging        | |  2.4
Stealth        | |  1.0

Action                   |  1- 3 |  4- 6 |  7- 9 || total
-------------------------+-------+-------+-------++-------
Melee: Mace              |   150 |   166 |   405 ||   721
  Use: Potion            |       |       |    10 ||    10
       Scroll            |       |       |     1 ||     1
 Stab: Sleeping          |     3 |     5 |     1 ||     9
Armor: Robe              |    78 |    40 |   110 ||   228
Dodge: Dodged            |   111 |   101 |   282 ||   494

Table legend: (Time is in decaauts)
 A = Elapsed time spent in this place.
 B = Non-inter-level travel time spent in this place.
 C = Inter-level travel time spent in this place.
 D = Time resting spent in this place.
 E = Time spent auto-exploring this place.
 F = Levels seen in this place.
 G = Mean time per level.
                   A        B        C        D        E       F      G
               +--------+--------+--------+--------+--------+-----+--------+
         Total |   6315 |   6159 |    156 |    739 |   3732 |   8 |  789.4 |
       Dungeon |   6315 |   6159 |    156 |    739 |   3732 |   8 |  789.4 |
               +--------+--------+--------+--------+--------+-----+--------+

Top non-repeatable levels by time:
     D:5: 1261 daAuts
     D:7: 1175 daAuts
     D:6: 1071 daAuts
     D:3: 842 daAuts
     D:8: 571 daAuts
     D:4: 520 daAuts
     D:2: 453 daAuts
     D:1: 418 daAuts
